 Dungeon Crawl Stone Soup version 0.18-a0-1702-gd20c6a5 (webtiles) character file.

2609 barb4r1an the Skirmisher (level 9, -5/121 HPs)
             Began as a Minotaur Berserker on Apr 6, 2016.
             Was a High Priest of Trog.
             Slain by Sonja
             ... wielding a +0 short sword of distortion
              (8 damage)
             ... on level 10 of the Dungeon.
             The game lasted 00:25:57 (5818 turns).

barb4r1an the Skirmisher (Minotaur Berserker)       Turns: 5818, Time: 00:25:57

Health: -5/121     AC:  7    Str: 33    XL:     9   Next: 34%
Magic:  8/8        EV: 15    Int:  4    God:    Trog [*****.]
Gold:   228        SH:  6    Dex: 13    Spells: 0 memorised, 8 levels left

rFire  x . .     SeeInvis .     g - +1 hand axe (flame)
rCold  . . .     Gourm    .     a - +2 robe of the Loofah {rPois rF- Str+4 Dex+2}
rNeg   . . .     Faith    .     b - +1 buckler
rPois  +         Spirit   .     (helmet restricted)
rElec  .         Dismiss  .     v - +0 cloak
rCorr  +         Reflect  .     (no gloves)
SustAt .         Harm     .     j - +0 pair of boots
MR     .....                    (no amulet)
Stlth  ..........               (no ring)
                                f - ring of resist corrosion

@: berserking, lethally poisoned (-5 -> -11), slowed, not resistant to hostile
enchantments, extremely unstealthy
A: retaliatory headbutt, horns 2
a: Berserk, Trog's Hand, Brothers in Arms, Burn Spellbooks, Renounce Religion


You were on level 10 of the Dungeon.
You worshipped Trog.
Trog was extremely pleased with you.
You were not hungry.

You visited 1 branch of the dungeon, and saw 8 of its levels.

You collected 228 gold pieces.

Inventory:

Hand Weapons
 g - a +1 hand axe of flaming (weapon)
 r - a +2 short sword of holy wrath
Armour
 a - the +2 robe of the Loofah (worn) {rPois rF- Str+4 Dex+2}
   (You found it on level 8 of the Dungeon)

   It affects your strength (+4).
   It affects your dexterity (+2).
   It makes you vulnerable to fire.
   It protects you from poison.
 b - a +1 buckler (worn)
 i - a +1 leather armour of cold resistance
 j - a +0 pair of boots (worn)
 v - a +0 cloak (worn)
Jewellery
 f - a ring of resist corrosion (left hand)
Scrolls
 c - a scroll of identify
 n - a scroll of teleportation
Potions
 d - 4 potions of curing
 e - a potion of cure mutation {unknown}
 k - 3 potions of flight
 l - a potion of haste {unknown}
 m - a potion of cancellation {unknown}
 o - a potion of invisibility {unknown}
 s - 2 potions of lignification
 u - a potion of magic {unknown}
Comestibles
 h - a slice of pizza


   Skills:
 * Level 7.9 Fighting
 * Level 7.7 Axes
 * Level 7.1 Armour
 * Level 6.6 Dodging
 * Level 6.5 Shields


You had 8 spell levels left.
You didn't know any spells.

Dungeon Overview and Level Annotations

Branches:
Dungeon (11/15)            Temple (0/1) D:5
   Lair: D:8-11         Orc: D:9-12

Altars:
Sif Muna
The Shining One

Annotations:
D:10 Sonja


Innate Abilities, Weirdness & Mutations

You reflexively headbutt those who attack you in melee.
You have a pair of horns on your head.


Message History

A red film seems to cover your vision as you go berserk!
You feel yourself moving faster!
You feel mighty!
You feel somewhat more hungry.
You feel sick. Sonja closely misses you. Sonja barely misses you.
You block Sonja's attack. Sonja hits you but does no damage.
Space warps horribly around you! Sonja hits you but does no damage.
Space bends around you. Sonja hits you but does no damage.
You feel strangely stable.
You are too berserk!
You hit Sonja. You burn Sonja. Your headbutt misses Sonja.
Sonja is lightly wounded.
You feel sick.
Sonja hits you with an uncursed short sword of distortion.
* * * LOW HITPOINT WARNING * * *
Space warps horribly around you!
* * * LOW HITPOINT WARNING * * *
Sonja misses you.
Sonja hits you with an uncursed short sword of distortion.
* * * LOW HITPOINT WARNING * * *
Space warps horribly around you!
You die...

.. #########
...
#.>.....#
....
##.#####.#
...<##..#
........#
...#..K.# .
##..@#####.#
##.(((....#
#.########
#. #+


You could see Sonja.

Vanquished Creatures
  Pikel (D:8)
  Joseph (D:8)
  A two-headed ogre (D:8)
  A wyvern (D:11)
  A hippogriff (D:10)
  Menkaure (D:4)
  A wasp (D:8)
  3 slaves (D:8)
  A centaur (D:11)
  A giant frog (D:8)
  A wyvern skeleton (D:8)
  2 scorpions (D:4)
  A jelly (D:8)
  2 orc priests
  A giant frog skeleton (D:4)
  5 hounds
  6 orc wizards
  2 centaur skeletons
  Jessica (D:2)
  3 iguanas
  2 worker ants
  Terence (D:2)
  A hound skeleton (D:4)
  A howler monkey zombie (D:8)
  8 adders
  4 oozes
  4 worms
  5 giant geckos
  18 orcs
  A ball python (D:2)
  10 bats
  9 giant cockroaches
  8 goblins
  8 hobgoblins
  16 jackals
  7 quokkas
  3 giant newts
  13 kobolds
  5 rats
160 creatures vanquished.

Vanquished Creatures (others)
  A slave (D:8)
1 creature vanquished.

Grand Total: 161 creatures vanquished

Notes
Turn   | Place    | Note
--------------------------------------------------------------
     0 | D:1      | barb4r1an the Minotaur Berserker began the quest for the Orb.
     0 | D:1      | Reached XP level 1. HP: 19/19 MP: 0/0
   424 | D:1      | Reached XP level 2. HP: 27/27 MP: 1/1
   695 | D:1      | Reached XP level 3. HP: 29/33 MP: 2/2
   697 | D:1      | Reached ** piety under Trog
  1036 | D:1      | Reached skill level 1 in Shields
  1420 | D:2      | Noticed Terence
  1447 | D:2      | Reached XP level 4. HP: 26/41 MP: 3/3
  1453 | D:2      | Killed Terence
  1837 | D:2      | Reached *** piety under Trog
  1883 | D:2      | Noticed Jessica
  1895 | D:2      | Killed Jessica
  1895 | D:2      | Reached XP level 5. HP: 34/47 MP: 4/4
  1978 | D:2      | Found a faded altar to an unknown god.
  2581 | D:3      | Reached skill level 5 in Fighting
  2679 | D:3      | Reached XP level 6. HP: 52/56 MP: 5/5
  2705 | D:3      | Reached **** piety under Trog
  2707 | D:3      | Reached skill level 5 in Axes
  3185 | D:4      | Reached XP level 7. HP: 52/62 MP: 6/6
  3329 | D:4      | Noticed Menkaure
  3338 | D:4      | Killed Menkaure
  4245 | D:5      | Entered Level 5 of the Dungeon
  4410 | D:5      | Found a staircase to the Ecumenical Temple.
  4470 | D:5      | Reached skill level 5 in Armour
  4586 | D:5      | Found a glowing golden altar of the Shining One.
  4590 | D:5      | Found a deep blue altar of Sif Muna.
  4691 | D:5      | You fall through a shaft for 3 floors!
  4724 | D:8      | Noticed Pikel
  4736 | D:8      | Killed Pikel
  4736 | D:8      | Reached skill level 5 in Dodging
  4736 | D:8      | Reached skill level 5 in Shields
  4736 | D:8      | Reached XP level 8. HP: 71/71 MP: 7/7
  4757 | D:8      | Noticed a two-headed ogre
  4790 | D:8      | Killed a two-headed ogre
  4961 | D:8      | Got a faintly glowing robe
  4962 | D:8      | Identified the +2 robe of the Loofah {rPois rF- Str+4 Dex+2} (You found it on level 8 of the Dungeon)
  5128 | D:8      | Reached ***** piety under Trog
  5260 | D:8      | Noticed Joseph
  5279 | D:8      | Killed Joseph
  5279 | D:8      | Reached XP level 9. HP: 49/79 MP: 8/8
  5389 | D:8      | Found a deep blue altar of Sif Muna.
  5756 | D:8      | You fall through a shaft for 3 floors!
  5794 | D:10     | Entered Level 10 of the Dungeon
  5801 | D:10     | Noticed Sonja
  5818 | D:10     | HP: 6/121 [Sonja/uncursed short sword of distortion (25)]
  5818 | D:10     | Slain by Sonja

Vault maps used:
D:1:      minmay_arrival_four_houses, serial_co_window_serial,
          co_window_paths_a, co_window_cross_1, co_window_paths_b,
          co_window_of_opportunity_a, co_window_paths_a, co_window_corner_b,
          co_window_of_opportunity_b, co_window_corner_ca, co_window_corner_b,
          co_window_2corner, co_window_corner_b, co_window_of_opportunity_c,
          glass_columns_a, glass_columns_a
D:2:      ecumenical_altar_2, first_bread, uniq_jessica, uniq_terence
D:3:      moated_statue
D:4:      serial_glass, glass_columns_a, glass_columns_a, glass_columns_a,
          glass_columns_a, uniq_menkaure
D:5:      nicolae_overflow_hidden_temple, lemuel_temple_firewalk_marked,
          minmay_crystal_water
D:8:      led_sif_book, uniq_pikel, uniq_joseph
D:10:     serial_shops, shop, uniq_sonja

Skill      XL: |  1  2  3  4  5  6  7  8  9 |
---------------+----------------------------+-----
Fighting       | 4 5 6 7 |  7.9
Axes           | 4 5 6 7 |  7.7
Shields        | 1 2 3 5 6 |  6.5
Armour         | 3 4 5 6 7 |  7.1
Dodging        | 3 4 5 6 |  6.6

Action                   |  1- 3 |  4- 6 |  7- 9 || total
-------------------------+-------+-------+-------++-------
Melee: Hand axe          |    94 |   165 |   133 ||   392
       Whip              |       |       |    59 ||    59
Invok: Berserk           |       |     4 |     3 ||     7
       Burn Spellbooks   |       |       |     2 ||     2
  Use: Scroll            |       |     6 |     6 ||    12
  Eat: Bread ration      |       |     3 |     1 ||     4
       Meat ration       |       |       |     1 ||     1
       Pizza             |       |       |     1 ||     1
